 Dungeon Sprint DCSS version 0.30-a0-51-g784eafce7f (webtiles) character file.

Game seed: 16161125673414699775

2283 Ankalagon the Martial Artist (level 8, -9/74 HPs)
             Began as a Demigod Transmuter on Sept 5, 2022.
             Mangled by a tentacle (25 damage)
             ... attached to a kraken
             ... in the Dungeon (Sprint II: "The Violet Keep of Menkaure").
             The game lasted 00:07:19 (1211 turns).

Ankalagon the Martial Artist (Demigod Transmuter)   Turns: 1211, Time: 00:07:20

Health: -9/74      AC:  2    Str:  8    XL:     8   Next: 95%
Magic:  19/19      EV: 14    Int: 19    God:
Gold:   331        SH:  0    Dex: 18    Spells: 7/17 levels left

rFire   + + .      SeeInvis +      - Unarmed
rCold   + . .      Faith    .    (no shield)
rNeg    . . .      Spirit   .    a - +0 robe
rPois   +          Reflect  .    (no helmet)
rElec   .          Harm     .    (no cloak)
rCorr   .          Rampage  .    (no gloves)
Will    .....      NoTele   +    (no boots)
Stlth   ++........               (no amulet)
HPRegen 0.22/turn                g - ring of Aren {rPois rF++ rC+ Str-3 SInv}
MPRegen 0.16/turn                (no ring)

@: no status effects
A: high MP 1, forlorn, divine attributes
a: no special abilities


You were in the Dungeon.
You visited 1 branch You collected 1053 gold pieces.
You spent 722 gold pieces at shops.

Inventory:

Armour
 a - a +0 robe (worn)
Jewellery
 g - the ring of Aren (left hand) {rPois rF++ rC+ Str-3 SInv}
   (You bought it in a shop in the Dungeon)

   [ring of protection from cold]

   Str:       It affects your strength (-3).
   rF:        It greatly protects you from fire.
   rC:        It protects you from cold.
   rPois:     It protects you from poison.
   SInv:      It lets you see invisible.
Scrolls
 h - a scroll of blinking
Potions
 b - a potion of lignification
 c - a potion of curing
 e - a potion of haste
 f - 2 potions of magic


   Skills:
 + Level 8.2 Fighting
 - Level 5.0 Dodging
 * Level 12.0 Unarmed Combat
 - Level 5.0 Spellcasting
 + Level 8.4 Transmutations
 - Level 5.0 Ice Magic
 - Level 5.0 Poison Magic


You had 7 spell levels left.
You knew the following spells:

 Your Spells              Type           Power      Damage    Failure   Level
c - Spider Form           Tmut/Pois      30%        N/A       2%          3
d - Ice Form              Ice/Tmut       30%        N/A       8%          4
e - Beastly Appendage     Tmut           74%        N/A       1%          1
r - Wereblood             Tmut           37%        N/A       1%          2

Your spell library contained the following spells:

 Spells                   Type           Power      Damage    Failure   Level
 Foxfire                  Conj/Fire      16%        2x1d4     12%         1
 Scorch                   Fire           8%         2d5       19%         2
 Conjure Flame            Conj/Fire      4%         6-21      36%         3
 Flame Wave               Conj/Fire      4%         2d5       77%         4
 Fire Storm               Conj/Fire      2%         8d1       100%        9


Dungeon Overview and Level Annotations

Branches:
Dungeon (1/1)

Shops:
D ::[!?=!(!:=[!=*

Annotations:
D exclusion: oklob plant


Innate Abilities, Weirdness & Mutations

You have an increased reservoir of magic. (+10% MP)
You shall have no god before yourself.
Your divine heritage dramatically boosts your attributes as you level up.


Message History

You pummel the water moccasin!! You freeze the water moccasin!
You kill the water moccasin!
Your Unarmed Combat skill increases to level 12!
Things that are here:
a water moccasin corpse; a water moccasin corpse You start resting.
Magic restored.
You start resting.
Your transformation is almost over.
You warm up again.
Your +0 robe unmelds from your body.
You start resting.
HP restored.
You enter the shallow water.
Moving in this stuff is going to be slow.
Okay, then.
Unknown command.
Things that are here:
a water moccasin corpse; a water moccasin corpse Tentacles burst out of the water!
A tentacle comes into view.
The tentacle closely misses you.
You open the door. The tentacle slaps you!! The tentacle barely misses you.
Found 28 gold pieces, 5 poisoned darts, a spear, a dagger and 6 stones.
The tentacle slaps you but does no damage.
The tentacle slaps you! x2
A tentacle segment comes into view.
There is an open door, spattered with blood here.
Found six items.
You see here a +0 spear.
The tentacle slaps you!
* * * LOW HITPOINT WARNING * * *
You see here a +0 hand axe.
The tentacle completely misses you.
You see here a +0 robe.
You see here a scroll labelled DEECAOS GACWAT.
Found the Orb of Zot.
The tentacle barely misses you.
You see here 8 gold pieces.
The tentacle slaps you!!
You die...

▓▓ 0.. ▓▓▓▓▓▓▓▓▓
≈§≈≈≈§§≈▓▓ ▓▓▓▓▓▓▓▓▓▓
?$?$?(!$▓▓ #. k
▓($$))$$(▓▓ +.##.
"▓$[$(!!!@▓▓
...####▓$$!"(?w$▓▓
#..##.#▓???)(/(?▓▓
+..#..#▓?=!!│$![▓▓
#.^#..#▓!)!$│![)▓▓
##..##.#▓[?(((\$)▓▓
###...##▓▓▓▓▓▓▓\▓▓▓▓+▓
..~~~~~~~~~†~~~.──Xw≈▓
..~#)########'###.ww≈▓


You could see a kraken and a tentacle.

Vanquished Creatures
  A merfolk siren (D)
  A yaktaur (D)
  3 polar bears (D)
  A hornet (D)
  2 wyverns (D)
  Menkaure (D)
  2 water moccasins (D)
  4 necrophages (D)
  A hell rat (D)
  2 worms (D)
18 creatures vanquished.

Vanquished Creatures (others)
  A water moccasin (D)
  4 tentacles (D)
5 creatures vanquished.

Grand Total: 23 creatures vanquished

Notes
Turn   | Place    | Note
-------+----------+-------------------------------------------
     0 | D        | Ankalagon the Demigod Transmuter began the quest for the
                  | Orb.
     0 | D        | Reached XP level 1. HP: 15/15 MP: 5/5
     1 | D        | Noticed a merfolk siren
     4 | D        | Noticed a wyvern
     4 | D        | Noticed a wyvern
    12 | D        | Killed a wyvern
    13 | D        | Reached skill level 6 in Unarmed Combat
    13 | D        | Reached XP level 2. HP: 10/27 MP: 5/9
    13 | D        | Reached XP level 3. HP: 12/33 MP: 6/11
    13 | D        | Reached XP level 4. HP: 15/40 MP: 6/12
    15 | D        | Killed a wyvern
    16 | D        | Reached skill level 5 in Dodging
    16 | D        | Reached skill level 7 in Unarmed Combat
    16 | D        | Reached skill level 5 in Transmutations
    16 | D        | Reached XP level 5. HP: 10/47 MP: 6/15
    64 | D        | Learned a level 2 spell: Wereblood
    68 | D        | Learned a level 3 spell: Spider Form
    73 | D        | Learned a level 4 spell: Ice Form
   100 | D        | Killed a water moccasin
   266 | D        | Reached skill level 5 in Fighting
   266 | D        | Reached skill level 1 in Ice Magic
   266 | D        | Reached skill level 1 in Poison Magic
   266 | D        | Reached XP level 6. HP: 51/56 MP: 13/16
   273 | D        | Reached skill level 5 in Spellcasting
   276 | D        | Reached skill level 8 in Unarmed Combat
   493 | D        | Killed a merfolk siren
   494 | D        | Reached skill level 9 in Unarmed Combat
   494 | D        | Reached XP level 7. HP: 40/63 MP: 17/17
   606 | D        | Found Gaisesent's Distillery.
   606 | D        | Found Hasuovvib's Jewellery Shoppe.
   606 | D        | Found Tyacogaedgh's Distillery.
   606 | D        | Found Safe's Jewellery Emporium.
   606 | D        | Found Menkianto's General Store.
   606 | D        | Found Ihev's Book Emporium.
   607 | D        | Found Zedarimm's Jewellery Emporium.
   607 | D        | Found Usylis's Distillery.
   607 | D        | Found Yveph's Antique Weapon Emporium.
   607 | D        | Found Licenear's Magic Scroll Shoppe.
   607 | D        | Found Ovva's Distillery.
   608 | D        | Found Efirrupp's Antique Armour Shoppe.
   608 | D        | Found Ithyhec's Antique Armour Shoppe.
   608 | D        | Found Vuf Ommi's Book Emporium.
   627 | D        | Got Zug Ocwu's Compilation of the Pyromaniac
   639 | D        | Noticed Menkaure
   639 | D        | Noticed an oklob plant
   640 | D        | Found Luaplieg's Book Shoppe.
   655 | D        | Killed Menkaure
   673 | D        | Noticed an ice dragon
   698 | D        | Bought the ring of Aren {rPois rF++ rC+ Str-3 SInv} for 722
                  | gold pieces
   698 | D        | Noticed an unseen horror
   698 | D        | Noticed an unseen horror
   757 | D        | Noticed a hornet
   757 | D        | Noticed a polar bear
   757 | D        | Noticed a polar bear
   758 | D        | Noticed a yaktaur
   758 | D        | Noticed a polar bear
   766 | D        | Killed a polar bear
   767 | D        | Reached skill level 10 in Unarmed Combat
   767 | D        | Reached XP level 8. HP: 52/71 MP: 13/19
   772 | D        | Killed a polar bear
   773 | D        | Reached skill level 5 in Ice Magic
   776 | D        | Killed a hornet
   777 | D        | Reached skill level 5 in Poison Magic
   780 | D        | Killed a polar bear
   781 | D        | Reached skill level 11 in Unarmed Combat
   785 | D        | Killed a yaktaur
  1004 | D        | Noticed a kraken
  1014 | D        | Reached skill level 12 in Unarmed Combat
  1211 | D        | Mangled by a tentacle

Illustrated notes

Levels and vault maps discovered:
D:        the_violet_keep_of_menkaure [sprint2_stairs_cluster_1,
          sprint2_shoproom, sprint2_temple, sprint2_basic_supplies,
          sprint2_obstacle_4, sprint2_obstacle_7, sprint2_obstacle_1,
          sprint2_obstacle_3, sprint2_obstacle_2, sprint2_timed_cluster_1,
          sprint2_smallroom_cluster_1, sprint2_smallroom_final_cluster_1,
          sprint2_transparent_cluster_1, sprint2_second_timed_cluster_1,
          sprint2_sniper_area_1, sprint2_heavy_combat_area_1,
          sprint2_mutation_trap_area_1, sprint2_forest_area_1,
          sprint2_light_combat_area_1, sprint2_behind_water_1,
          sprint2_near_end_vault_1]

Skill      XL: |  1  2  3  4  5  6  7  8 |
---------------+-------------------------+-----
Fighting       | 3 4 5 6 8 |  8.2
Dodging        | 4 5 |  5.0
Unarmed Combat | 6 7 9 10 12 | 12.0
Spellcasting   | 3 4 5 |  5.0
Transmutations | 4 5 6 7 8 |  8.4
Ice Magic      | 1 4 5 |  5.0
Poison Magic   | 1 3 4 5 |  5.0

Action                   |  1- 3 |  4- 6 |  7- 9 || total
-------------------------+-------+-------+-------++-------
Melee: Unarmed           |     6 |    40 |    36 ||    82
       Kick              |     3 |     4 |       ||     7
       Headbutt          |     1 |     7 |       ||     8
 Cast: Beastly Appendage |     1 |     1 |       ||     2
       Spider Form       |       |     1 |       ||     1
       Ice Form          |       |       |     3 ||     3
       Wereblood         |       |       |     1 ||     1
  Use: Potion            |     1 |       |     1 ||     2
Armor: Robe              |       |     1 |     1 ||     2
       Skin              |       |       |    10 ||    10
Dodge: Dodged            |     7 |    16 |    30 ||    53

Table legend: (Time is in decaauts)
 A = Elapsed time spent in this place.
 B = Non-inter-level travel time spent in this place.
 C = Inter-level travel time spent in this place.
 D = Time resting spent in this place.
 E = Time spent auto-exploring this place.
 F = Levels seen in this place.
 G = Mean time per level.
                   A        B        C        D        E       F      G
               +--------+--------+--------+--------+--------+-----+--------+
         Total |   1229 |   1229 |      0 |    853 |      0 |   1 | 1229.0 |
       Dungeon |   1229 |   1229 |      0 |    853 |      0 |   1 | 1229.0 |
               +--------+--------+--------+--------+--------+-----+--------+

Top non-repeatable levels by time:
       D: 1229 daAuts
